 Dungeon Crawl Stone Soup version 0.31-a0-263-ge8cad7f256 (webtiles) character file.

Game seed: 12923852297460987674

72 qw the Shooter (level 4, 0/26 HPs)
             Began as a Gargoyle Hexslinger on July 13, 2023.
             Slain by a gnoll
             ... wielding a +0 spear
              (4 damage)
             ... on level 2 of the Dungeon.
             The game lasted 00:00:36 (1061 turns).

qw the Shooter (Gargoyle Hexslinger)                Turns: 1061, Time: 00:00:37

Health: 0/26       AC:  6    Str: 11    XL:     4   Next: 26%
Magic:  5/5        EV: 11    Int: 14    God:
Gold:   96         SH:  0    Dex: 14    Spells: 4/5 levels left

rFire   . . .        a - +1 sling
rCold   . . .        (no shield)
rNeg    + . .        f - +0 leather armour
rPois   inf          (no helmet)
rElec   +            (no cloak)
rCorr   .            (no gloves)
SInv    .            (no boots)
Will    .....        (no amulet)
Stlth   +            (no ring)
HPRegen 0.24/turn    (no ring)
MPRegen 0.09/turn

%: no passive effects
@: no status effects
A: sickness immunity, AC +3, negative energy resistance 1, electricity
resistance, torment resistance 1, petrification resistance
a: no special abilities


You were on level 2 of the Dungeon.
You visited 1 branch of the dungeon, and saw 2 of its levels.

You collected 96 gold pieces.


Innate Abilities, Weirdness & Mutations

You are immune to sickness and miasma.
Your stone body is resilient. (AC +3)
You are immune to poison.
You resist negative energy. (rN+)
You are resistant to electric shocks. (rElec)
You are resistant to unholy torment.
You are immune to petrification.


   Skills:
 - Level 2.0 Fighting
 + Level 4.1 Ranged Weapons
 - Level 1.5 Dodging
 - Level 1.0 Spellcasting
 - Level 2.6 Hexes


You had 4 spell levels left.
You knew the following spells:

 Your Spells              Type           Power      Damage    Failure   Level
a - Slow                  Hex            32%        N/A       12%         1

Your spell library contained the following spells:

 Spells                   Type           Power      Damage    Failure   Level
 Inner Flame              Hex/Fire       4%         N/A       52%         3
 Portal Projectile        Hex/Tloc       8%         N/A       52%         3
 Cause Fear               Hex            4%         N/A       75%         4

Inventory:

Hand Weapons
 a - a +1 sling (weapon)
Armour
 f - a +0 leather armour (worn)
Jewellery
 b - a +4 ring of protection
Scrolls
 c - a scroll of immolation {unknown}
Potions
 d - 2 potions of curing
 e - a potion of enlightenment
 g - a potion of might {unknown}

Dungeon Overview and Level Annotations

Branches:
Dungeon (2/15)

Altars:


Message History

Enter note:
Enter note: You shoot a sling bullet.
The sling bullet barely misses the gnoll.
A gnoll comes into view. It is wielding a +0 spear.
You shoot a sling bullet.
The sling bullet barely misses the gnoll.
The gnoll shouts!
You shoot a sling bullet. The sling bullet hits the gnoll.
The gnoll is lightly wounded.
You shoot a sling bullet. The sling bullet hits the gnoll!
The gnoll is severely wounded.
The gnoll hits you from afar with a +0 spear of venom.
You shoot a sling bullet.
The sling bullet hits the gnoll but does no damage.
The gnoll is severely wounded.
The gnoll hits you from afar with a +0 spear of venom.
A gnoll comes into view. It is wielding a +0 spear.
The gnoll hits you from afar with a +0 spear of venom.
The gnoll closely misses you.
You shoot a sling bullet. The gnoll shouts!
The sling bullet hits the gnoll.
The gnoll is almost dead.
The gnoll hits you from afar with a +0 spear of venom!
The gnoll hits you but does no damage.
You shoot a sling bullet. The sling bullet hits the gnoll.
You kill the gnoll!
The gnoll hits you from afar with a +0 spear.
A gnoll comes into view. It is wielding a +0 halberd.
Your Ranged Weapons skill increases to level 4!
You shoot a sling bullet. The gnoll shouts!
The sling bullet hits the gnoll.
The gnoll is moderately wounded.
The gnoll hits you from afar with a +0 spear.
You shoot a sling bullet. The sling bullet hits the gnoll.
The gnoll is severely wounded.
The gnoll hits you from afar with a +0 spear.
You die...

#....##....#...#
#....##....#...#
#....##....#...#
#....##....#...#
'....##....#...##
#..........'....# #
#.###.#....#....#####.g.
#.# #.######......gg...#
#.# #.# ####.@.).$..#
#.###.###### #.........
#..........# #.#####.#.
#####.####.# #.# #
#........#'####.#
#...#.###....##.#
#...#.# #....##.#
#...#.# #....##.#
....#.# #....#


You could see 3 gnolls.

Vanquished Creatures
  A gnoll (D:2)
  An adder (D:2)
  A dart slug (D:1)
  5 endoplasms (D:1)
  3 giant cockroaches
  7 hobgoblins
  3 quokkas
  9 ball pythons
  3 bats
  2 frilled lizards (D:1)
  8 kobolds
  2 rats (D:1)
45 creatures vanquished.

Notes
Turn   | Place    | Note
-------+----------+-------------------------------------------
     0 | D:1      | qw the Gargoyle Hexslinger began the quest for the Orb.
     0 | D:1      | Reached XP level 1. HP: 12/12 MP: 2/2
     0 | D:1      | 0 ||| qw: Version: 0.3-a-52-g30416fa
     0 | D:1      | 0 ||| qw: Game counter: 7514
     0 | D:1      | 0 ||| qw: Melee chars always use a shield: true
     0 | D:1      | 0 ||| qw: God list: Okawaru
     0 | D:1      | 0 ||| qw: Allow faded altars: false
     0 | D:1      | 0 ||| qw: Do Orc after clearing Dungeon:15 true
     0 | D:1      | 0 ||| qw: Do second Lair branch before Depths: true
     0 | D:1      | 0 ||| qw: Lair rune preference: random
     0 | D:1      | 0 ||| qw: Goals: Normal
     0 | D:1      | 0 ||| PLANNING D:1-11
    35 | D:1      | 35 ||| FLEEEEING.
    36 | D:1      | 36 ||| FLEEEEING.
    86 | D:1      | Reached XP level 2. HP: 13/16 MP: 3/3
   124 | D:1      | Reached skill level 3 in Ranged Weapons
   212 | D:1      | Reached XP level 3. HP: 21/21 MP: 4/4
   750 | D:1      | 750 ||| UPGRADING to +0 leather armour.
   760 | D:1      | 760 ||| DROPPING +0 robe.
   761 | D:1      | 761 ||| DRINKING 3 white potions.
   762 | D:1      | 762 ||| DRINKING 2 cyan potions.
   763 | D:1      | 763 ||| DROPPING scroll of poison.
   804 | D:2      | Found a faded altar of an unknown god.
   957 | D:2      | Reached XP level 4. HP: 25/26 MP: 5/5
  1058 | D:2      | HP: 6/26 [gnoll/+0 spear of venom (7)]
  1060 | D:2      | Reached skill level 4 in Ranged Weapons
  1061 | D:2      | Slain by a gnoll

Levels and vault maps discovered:
D:1:      roderic_crop_circles_arrival_small, layout_loops_ring
D:2:      layout_basic, basic_altar, shapermc_ecumenical_altar_gd, serial_shops,
          nicolae_shop_tiny_glass, corexii_hall_statues_l

Skill      XL: |  1  2  3  4 |
---------------+-------------+-----
Ranged Weapons | 3 4 |  4.1
Fighting       | 2 |  2.0
Dodging        | |  1.5
Spellcasting   | |  1.0
Hexes          | |  2.6

Action                     |  1- 3 |  4- 6 || total
---------------------------+-------+-------++-------
   Fire: Sling             |   142 |    14 ||   156
    Use: Potion            |     2 |       ||     2
 Armour: Robe              |    17 |       ||    17
         Leather armour    |    10 |     1 ||    11
  Dodge: Dodged            |    67 |     3 ||    70

Table legend:
 A = Non-vault XP
 B = Vault XP
 C = Vault XP percentage of total XP
 D = Non-vault monster count
 E = Vault monster count
 F = Vault count percentage of total count
                 A         B        C        D         E       F
            +---------+---------+-------+---------+---------+-------
      Total |     104 |       0 |   0.0 |      45 |       0 |   0.0
            +---------+---------+-------+---------+---------+-------
        D:1 |      54 |       0 |   0.0 |      31 |       0 |   0.0
        D:2 |      50 |       0 |   0.0 |      14 |       0 |   0.0
            +---------+---------+-------+---------+---------+-------
